[Event "*** SCC Grand Prix: Titled Tuesday Blitz"]
[Site "Chess.com"]
[Date "2020.08.25"]
[Round "9"]
[White "AnonymousIM2023"]
[Black "Arjun2002"]
[Result "0-1"]
[WhiteElo "2629"]
[BlackElo "2727"]
[TimeControl "180+1"]
[EndTime "11:49:03 PDT"]
[Termination "Arjun2002 won by resignation"]

1. d4 d5 2. c4 c6 3. Nf3 Nf6 4. Nc3 e6 5. Bg5 h6 6. Bxf6 Qxf6 7. e3 Nd7 8. Bd3 g6 9. O-O dxc4 10. Bxc4 Bg7 11.
e4 e5 12. d5 Nb6 13. Bb3 Bg4 14. Re1 O-O 15. Re3 Rfd8 16. h3 Bd7 17. Qe2 Bf8 18.
Rd1 Rac8 19. Red3 c5 20. R3d2 Bd6 21. Bc4 a6 22. a4 Nxa4 23. Nxa4 Bxa4 24. b3 Bd7 25.
Ra1 Kg7 26. Bd3 Ra8 27. Rda2 Rdc8 28. Nd2 Bf8 29. Qf3 Qxf3 30. Nxf3 Re8 31. Nd2 Rad8 32. Nc4 Bc8 33. Nb6 Bd6 34. Nxc8 Rxc8 35. g3 Rf8 36. Kg2 f5 37. f3 Rf7 38. Rf1 Rcf8 39.
Raf2 h5 40. g4 fxg4 41. fxg4 Rf4 42. Rxf4 exf4 43. gxh5 gxh5 44. Kf3 Kf6 45. Rg1 Rc8 46. e5+ Kxe5 47. Rg5+ Kd4 48. Rg6 Kxd3 49. Rxd6 Rf8 50. Rb6 Rf7 51. d6 Kd4 52. d7 Rxd7 53. Kxf4 Rg7 54. Kf5 Rg3 55. Rxb7 Rxh3 56. Rb6 Rg3 57. Kf4 Rh3 58. Kg5 Kc3 59. Rc6 Kb4 60. Rb6+ Ka5 61.
Rc6 Kb5 62. Rc8 Rxb3 63. Kxh5 Re3 64. Kg4 c4 65. Kf4 Re7 66. Rb8+ Ka4 67. Ra8 c3 68.
Rxa6+ Kb3 69. Rb6+ Ka2 70. Ra6+ Kb2 71. Rb6+ Kc1 72.
Kf3 c2 73. Kf2 Re5 74. Kf3 Kd2 75. Rd6+ Kc3 76. Rc6+ Kd3 77. Rd6+ Kc4 78. Kf4 Rc5 0-1

[Event "*** SCC Grand Prix: Titled Tuesday Blitz"]
[Site "Chess.com"]
[Date "2020.08.25"]
[Round "9"]
[White "Meri-Arabidze"]
[Black "chenxiaoyuer"]
[Result "0-1"]
[WhiteElo "2585"]
[BlackElo "2466"]
[TimeControl "180+1"]
[EndTime "11:49:03 PDT"]
[Termination "chenxiaoyuer won on time"]

1. d4 Nf6 2. c4 g6 3. Nf3 Bg7 4. g3 O-O 5. Bg2 d6 6. O-O Nc6 7. Nc3 Bg4 8. d5 Na5 9. Nd2 c5 10. Qc2 a6 11. h3 Bd7 12. a4 e5 13. e4 Nh5 14. Rb1 f5 15. exf5 gxf5 16. b3 e4 17. Re1 Qg5 18. Nf1 Qf6 19. Bb2 Qg6 20.
Ne2 Rae8 21. f4 Kh8 22. Kh2 Rg8 23. Bxg7+ Qxg7 24. Qd2 b6 25. Qe3 Nf6 26. Nd2 h5 27. Rg1 h4 28. gxh4 Qh6 29. Qc3 Qxh4 30. Bh1 Qf2+ 31. Rg2 Rxg2+ 32. Bxg2 Rf8 33. Ng3 Kh7 34. Rf1 Qd4 35. Rc1 Rg8 36. Ndf1 Ne8 37. Ne3 Ng7 38. Rc2 Rb8 39. Rc1 Qxc3 40. Rxc3 Kg6 41. Ne2 Kf6 42. Nd1 Nb7 43. Rg3 Rh8 44. Rg5 Nd8 45. Ne3 Nf7 46. Rg3 Nh5 47. Bf1 Nxg3 48. Nxg3 Rh4 49. Ne2 Rh8 50. Kg3 Nh6 51. Kf2 Ng8 52. Ng3 Ne7 53.
Bg2 Ng6 54. Ne2 Nh4 55. Bh1 Rg8 56. Ng3 Ng6 57. Nh5+ Kf7 58. Ng3 Nxf4 59. Ngxf5 Nxh3+ 60. Ke2 Bxf5 61. Nxf5 Rd8 62. Bxe4 Kf6 63. Ke3 Ke5 64. Nh4 Ng5 65. Nf3+ Nxf3 66. Bxf3 Rh8 67. a5 bxa5 68.
Bd1 Rb8 69. Kd2 Rb4 70. Kc3 Ke4 71. Bc2+ Ke3 72. Bf5 a4 73. bxa4 Rxa4 74. Bd7 Rb4 75. Bc6 a5 76. Bb5 a4 77. Bc6 a3 78. Ba4 a2 0-1

[Event "*** SCC Grand Prix: Titled Tuesday Blitz"]
[Site "Chess.com"]
[Date "2020.08.25"]
[Round "9"]
[White "IMAghasiyevKamal"]
[Black "Flawless_Fighter"]
[Result "1/2-1/2"]
[WhiteElo "2433"]
[BlackElo "2557"]
[TimeControl "180+1"]
[EndTime "11:49:07 PDT"]
[Termination "Game drawn by repetition"]

1. d4 d5 2. c4 e6 3. Nc3 c5 4.
e3 Nf6 5. Nf3 cxd4 6. exd4 Bb4 7. Bd3 dxc4 8. Bxc4 O-O 9. O-O b6 10. Bg5 Bb7 11. Ne5 Be7 12. Re1 Nc6 13. Ba6 Qc8 14.
Bxb7 Qxb7 15. Nxc6 Qxc6 16. Bxf6 Bxf6 17. d5 exd5 18.
Nxd5 Rad8 19. Nxf6+ Qxf6 20. Qe2 h6 21. Rad1 Rxd1 22.
Rxd1 Rc8 23. h3 Qf5 24. Qd3 Qxd3 25. Rxd3 Rc1+ 26. Kh2 Rc2 27. Rd8+ Kh7 28. Rd7 Rxb2 29. Rxa7 Rxf2 30. Rb7 Rf6 31. a4 g5 32. Ra7 Rf5 33.
Rb7 Rf6 34. Ra7 Kg6 35. a5 bxa5 36. Rxa5 Rb6 37. g4 Rb2+ 38. Kg3 Rb3+ 39. Kg2 Re3 40. Ra6+ Re6 41. Ra5 h5 42. h4 f6 43. gxh5+ Kxh5 44. hxg5 fxg5 45. Ra1 Re2+ 46. Kg1 Kg4 47. Rb1 Re3 48.
Ra1 Rb3 49. Rc1 Kg3 50. Ra1 Rc3 51. Rf1 Ra3 52. Re1 Kh3 53. Rf1 Ra2 54. Re1 Rg2+ 55.
Kh1 Rh2+ 56. Kg1 Rg2+ 57. Kh1 Ra2 58. Kg1 g4 59. Kh1 Kg3 60. Kg1 Kf3 61. Rf1+ Ke3 62.
Rf8 Ra4 63. Rf7 Rf4 64. Rxf4 Kxf4 65. Kf2 Ke4 66. Kg3 Kf5 67. Kg2 Kf4 68. Kf2 Kg5 69. Kg3 Kh5 70. Kg2 Kh4 71. Kh2 Kg5 72. Kg3 Kf5 73.
Kg2 Kf4 74. Kf2 1/2-1/2

[Event "*** SCC Grand Prix: Titled Tuesday Blitz"]
[Site "Chess.com"]
[Date "2020.08.25"]
[Round "9"]
[White "Rytenko_V"]
[Black "okriak"]
[Result "0-1"]
[WhiteElo "2513"]
[BlackElo "2708"]
[TimeControl "180+1"]
[EndTime "11:49:11 PDT"]
[Termination "okriak won by resignation"]

1. Nf3 d6 2. c4 e5 3. d3 Nc6 4.
Nc3 Be7 5. Rb1 Be6 6. b4 Qd7 7. b5 Nd8 8. e3 Nf6 9. d4 Bf5 10. Rb3 exd4 11. Nxd4 Bg6 12. Be2 Ne6 13. O-O Nc5 14. Rb2 O-O 15. f3 a6 16. e4 axb5 17.
cxb5 Rfd8 18. Be3 Qe8 19. g4 Bf8 20. g5 Nfd7 21. Nd5 Rdc8 22. h4 c6 23. Nf4 d5 24.
bxc6 bxc6 25. h5 Bxe4 26. fxe4 Qxe4 27. Qd2 Re8 28. Nc2 Qe5 29. Bd4 Qxg5+ 30. Kh2 Ne4 31. Qe3 c5 32. Rg1 cxd4 33. Nxd4 Qh4+ 34. Nh3 Nef6 35. Nf5 Rxe3 36. Nxh4 Kh8 37. Ng5 Re7 38. Nf5 Ne5 39. Nxe7 Bxe7 40. Rb7 Bd6 41. Kh1 Rxa2 42. Bd3 h6 43. Bb1 Rf2 44. Nh3 Rd2 45. Rg2 Rxg2 46.
Kxg2 Nxh5 47. Rb6 Nc4 48. Rc6 g6 49. Nf2 Kg7 50. Nd3 Nf6 51. Ba2 Be7 52. Kg1 Ne4 53.
Rc7 Bf6 54. Rd7 Ned6 55. Nb4 Bd4+ 56. Kh1 Bc5 57. Nxd5 Ne5 58. Rc7 Ba3 59. Ra7 Bc1 60. Nc7 Kf6 61. Nd5+ Kg5 62. Ra6 Nf5 63. Nc3 Ng4 64.
Ne4+ Kf4 65. Ra4 Ng3+ 66. Nxg3+ Kxg3 67. Kg1 Be3+ 68. Kf1 f5 69. Ke2 f4 70. Bd5 g5 71.
Ra1 h5 72. Rh1 h4 73. Bf3 h3 74. Bd5 Nf2 75. Be6 Nxh1 0-1

[Event "*** SCC Grand Prix: Titled Tuesday Blitz"]
[Site "Chess.com"]
[Date "2020.08.25"]
[Round "9"]
[White "vovachesss"]
[Black "KaterinaMiroshnik"]
[Result "1-0"]
[WhiteElo "2588"]
[BlackElo "2442"]
[TimeControl "180+1"]
[EndTime "11:49:11 PDT"]
[Termination "vovachesss won by checkmate"]

1. c4 d6 2. Nc3 Nd7 3. g3 g6 4. Bg2 Bg7 5. e3 Ngf6 6. Nge2 e5 7. O-O O-O 8. d4 c6 9. b3 Qc7 10. Bb2 Re8 11. Rc1 Nf8 12. Qc2 Bf5 13. e4 Be6 14.
d5 Bd7 15. dxc6 Bxc6 16. Rfd1 Ne6 17. Nd5 Bxd5 18. cxd5 Qxc2 19. Rxc2 Nc5 20. f3 a5 21. Ba3 b6 22. Nc3 Rec8 23. Nb5 Ne8 24. Rdc1 Kf8 25.
Rc4 Ke7 26. Kf2 Kd8 27. Ke2 Bh6 28. R1c2 Bg7 29. Bh3 Rcb8 30. Bc1 Rb7 31. Be3 f6 32. a3 Bf8 33. b4 axb4 34. axb4 Nd7 35. Rc6 Rab8 36. Be6 Be7 37. Bg8 h5 38. Bf7 Nf8 39.
Bh6 g5 40. Bxh5 Nd7 41. Bg4 Ra8 42. h4 gxh4 43. gxh4 Rbb8 44. Nc7 Nxc7 45. Rxc7 Nc5 46. Rxe7 Kxe7 47. bxc5 dxc5 48. h5 Kf7 49. Bf5 Ra1 50. Bg6+ Kg8 51. Be3 Rh1 52. h6 Rh2+ 53. Kd3 Rh3 54.
Kc4 Rxf3 55. Rc3 Rg3 56. Bf5 Ra8 57. Kb5 Rb8 58. d6 Rd8 59. Kc6 Kf7 60. Kc7 Ra8 61. d7 Rgg8 62. h7 Rh8 63. Rd3 Ra7+ 64. Kxb6 Raa8 65.
Bxc5 Rhb8+ 66. Kc7 Rd8 67. Bb6 Ke7 68. Kb7 Rab8+ 69. Kc6 Rh8 70. d8=Q+ Rhxd8 71. Rxd8 Rxd8 72. Bxd8+ Kxd8 73. h8=Q+ Ke7 74. Qg7+ Ke8 75. Bg6+ Kd8 76. Qd7# 1-0

[Event "*** SCC Grand Prix: Titled Tuesday Blitz"]
[Site "Chess.com"]
[Date "2020.08.25"]
[Round "9"]
[White "Evandro_Barbosa"]
[Black "Falcon28dz"]
[Result "1/2-1/2"]
[WhiteElo "2556"]
[BlackElo "2183"]
[TimeControl "180+1"]
[EndTime "11:49:11 PDT"]
[Termination "Game drawn - insufficient material"]

1. e4 e6 2. d4 d5 3. Nc3 Nf6 4. e5 Nfd7 5. f4 c5 6. Nf3 Nc6 7. Be3 cxd4 8. Nxd4 Bc5 9. Qd2 O-O 10. O-O-O Nxd4 11. Bxd4 a6 12. Qf2 Qc7 13. Bd3 b5 14. Qh4 g6 15. Ne2 b4 16. Qh6 Re8 17. Kb1 a5 18. Bb5 Bf8 19. Qh4 Ba6 20. Bxa6 Rxa6 21. g4 a4 22. Rc1 Nc5 23. Ng3 b3 24. cxb3 axb3 25. a3 Rc6 26. f5 Nd3 27. Rcd1 Ra6 28. Rd2 Qc4 29. Ne2 Nb4 30. Qg3 Nc2 31. Qc3 Qxc3 32.
Bxc3 Rea8 33. Nd4 Nxd4 34. Bxd4 Ra4 35. Rc1 Rc4 36. Rxc4 dxc4 37. Bc3 Rc8 38. f6 Bh6 39. Rd7 Bf4 40. h4 h6 41. h5 gxh5 42. gxh5 Rc5 43.
Rd8+ Kh7 44. Rf8 Bxe5 45. Rxf7+ Kg8 46. Rg7+ Kf8 47. Rg6 Kf7 48. Rxh6 Bxc3 49. bxc3 Rf5 50. a4 Rf1+ 51. Kb2 Rf2+ 52. Kb1 Rf1+ 53. Kb2 Rf2+ 54.
Ka1 Ra2+ 55. Kb1 Rxa4 56. Rg6 Ra5 57. Rg4 Rc5 58. h6 Kxf6 59. Rh4 Rc8 60. h7 Rh8 61.
Kb2 Kg7 62. Rxc4 Rxh7 63. Kxb3 Kf6 64. Rc8 e5 65. Kc4 Rd7 66. Rc6+ Kf5 67. Kb5 e4 68. Rc8 e3 69. Rf8+ Ke4 70. Re8+ Kd3 71. c4 e2 72. c5 Rd4 73. Rxe2 Kxe2 74. c6 Rd1 75. c7 Rb1+ 76.
Kc6 Kd3 77. Kd7 Rc1 78. c8=Q Rxc8 79. Kxc8 1/2-1/2

[Event "*** SCC Grand Prix: Titled Tuesday Blitz"]
[Site "Chess.com"]
[Date "2020.08.25"]
[Round "9"]
[White "seorobert1971"]
[Black "VMikhalevski"]
[Result "0-1"]
[WhiteElo "2649"]
[BlackElo "2736"]
[TimeControl "180+1"]
[EndTime "11:49:17 PDT"]
[Termination "VMikhalevski won by resignation"]

1. c4 Nf6 2. Nc3 d5 3. cxd5 Nxd5 4. Qb3 Nb6 5. Nf3 Nc6 6. g3 e5 7. Bg2 Be6 8. Qd1 Be7 9. O-O O-O 10. d3 Qd7 11.
Be3 Bh3 12. Rc1 Bxg2 13. Kxg2 Kh8 14. a3 f5 15. Qb3 Rae8 16. Bxb6 axb6 17. Qd5 Bd6 18.
Rfd1 Ne7 19. Qxb7 Ra8 20. Nd5 Rab8 21. Nxb6 Qb5 22. Qa7 Qxb6 23. Qxb6 Rxb6 24. b4 Ra8 25.
Rc3 Nd5 26. Rb3 Rba6 27. e4 fxe4 28. dxe4 Nf6 29. b5 Rb6 30. Rdd3 Nxe4 31. Re3 Ra4 32. h4 h6 33. Kf1 Kh7 34. Kg2 Kg6 35. Kh3 Kf5 36.
Kg2 Ke6 37. Kf1 Nc5 38. Rb1 Nd7 39. Rbb3 Nf6 40. Kg2 Nd5 41. Re1 Rxa3 42. Rb2 Nf6 43. Rbe2 e4 44. Nd2 Rxb5 45. Nc4 Rc3 46. Ne3 h5 47.
Nd1 Rcb3 48. Ne3 Rb2 49. Nc2 Kf7 50. Nd4 Rxe2 51. Rxe2 Rd5 52. Nc6 Rc5 53. Nd4 Rc4 54. Nf5 Be5 55. Ne3 Rd4 56. Rc2 Rd3 57. Nf5 Ke6 58.
Nxg7+ Kd5 59. Nf5 c5 60. Ne3+ Kc6 61. Nf5 Bd4 62. Ne7+ Kd6 63. Nf5+ Ke5 64. Nh6 Kd5 65.
Nf7 c4 66. Ng5 c3 67. Kf1 Rd2 68. Rxd2 cxd2 69. Ke2 Bxf2 70. Kxd2 Bxg3 71. Ke2 Bxh4 72. Nh3 Bg3 73. Ng5 h4 74. Ke3 Ke5 75. Nf7+ Kf5 76. Nh6+ Kg5 77. Nf7+ Kg6 78. Nh8+ Kg7 0-1

[Event "*** SCC Grand Prix: Titled Tuesday Blitz"]
[Site "Chess.com"]
[Date "2020.08.25"]
[Round "9"]
[White "ditkin25"]
[Black "Shushik"]
[Result "1-0"]
[WhiteElo "2415"]
[BlackElo "2250"]
[TimeControl "180+1"]
[EndTime "11:49:17 PDT"]
[Termination "ditkin25 won by checkmate"]

1. e4 e5 2. Nf3 Nc6 3. Nc3 g6 4. d4 exd4 5. Nxd4 Bg7 6. Be3 Nf6 7. Bc4 O-O 8. O-O Re8 9. f3 a6 10. a4 d6 11. Qd2 Nd7 12. Rad1 Nb6 13. Ba2 Nxd4 14.
Bxd4 Be6 15. Bxe6 Rxe6 16. Bxg7 Kxg7 17. a5 Nd7 18. Nd5 Nf6 19. Qc3 c6 20. Nf4 Re8 21. Rfe1 Qc7 22. Nd5 Qd8 23. Nb6 Qe7 24. Nxa8 Rxa8 25.
e5 Nd5 26. Qd4 dxe5 27. Rxe5 Qf6 28. c4 Nf4 29. Re7 Qxd4+ 30. Rxd4 Kf6 31. Rdd7 Ne6 32. Rxf7+ Ke5 33. Rxb7 Kd4 34. Rxh7 Kxc4 35. Rhe7 Nc5 36. Rbc7 Kb5 37. Re5 Rd8 38. Rb7+ Kc4 39. Rb6 Rd1+ 40.
Kf2 Nd3+ 41. Ke2 Re1+ 42. Kd2 Rxe5 43. Rxc6+ Kb5 44. Rxg6 Nxb2 45. f4 Nc4+ 46. Kc3 Re3+ 47. Kd4 Re2 48. Rg5+ Kb4 49. h4 Rd2+ 50. Ke4 Re2+ 51.
Kf3 Re3+ 52. Kf2 Re4 53. g3 Rd4 54. Rg6 Rd7 55. Rxa6 Nxa5 56. Rb6+ Kc5 57. Rg6 Nc4 58. h5 Kd5 59. h6 Rh7 60. g4 Nd6 61. g5 Nf7 62. Rg7 Rh8 63. Rxf7 Ke6 64. Rf6+ Ke7 65. Kg3 Rxh6 66. Rxh6 Kf7 67. f5 Kg7 68. Kf4 Kf7 69.
Ke5 Kg7 70. Ra6 Kf7 71. Ra7+ Kg8 72. Kf6 Kh8 73. Kg6 Kg8 74. Ra8# 1-0

[Event "*** SCC Grand Prix: Titled Tuesday Blitz"]
[Site "Chess.com"]
[Date "2020.08.25"]
[Round "9"]
[White "checkitas"]
[Black "Haykoooo0o"]
[Result "0-1"]
[WhiteElo "2348"]
[BlackElo "2530"]
[TimeControl "180+1"]
[EndTime "11:49:31 PDT"]
[Termination "Haykoooo0o won by checkmate"]

1. d4 Nf6 2. c4 g6 3. Nf3 Bg7 4. g3 O-O 5. Bg2 d6 6. O-O Nc6 7.
Nc3 e5 8. dxe5 dxe5 9. Qxd8 Rxd8 10. Bg5 Be6 11. b3 h6 12. Bxf6 Bxf6 13. Rad1 Be7 14.
Nd2 Rd7 15. Nd5 Rad8 16. e3 Bxd5 17. cxd5 Nb4 18. e4 c6 19. Nc4 f6 20. Bf3 cxd5 21. exd5 Nxd5 22. Na5 Nc3 23. Rc1 Nxa2 24. Ra1 Nb4 25.
Nxb7 Rb8 26. Na5 Nc2 27. Nc6 Rxb3 28. Rac1 Nb4 29. Nxe7+ Rxe7 30. Bg2 e4 31. Rc4 Nd3 32. Bxe4 Ne5 33. Bd5+ Kg7 34. Rc8 Rb6 35. Rg8+ Kh7 36.
Ra8 Rd6 37. Bg2 Nc4 38. h3 Nb6 39. Rb8 a5 40. Ra1 Ra7 41. Bf3 a4 42. Rb7+ Rxb7 43. Bxb7 Rd3 44. Ba6 Rb3 45. Be2 Rb2 46. Bd1 Rb4 47. Kg2 Kg7 48. Kf3 f5 49. Ke3 Kf6 50.
Kd3 Ke5 51. Kc3 Rc4+ 52. Kd3 Rd4+ 53. Kc3 Nd5+ 54. Kb2 Rd2+ 55. Kc1 Rxf2 56. Rxa4 Nc3 57. Ra5+ Kd4 58. Bc2 Rf1+ 59. Kb2 Ne4 60. Ra4+ Ke3 61. g4 Rh1 62. gxf5 gxf5 63. Ra3+ Kf4 64. Rb3 Ng3 65. Rb4+ Kg5 66. h4+ Rxh4 67. Rxh4 Kxh4 68. Kc3 Kg4 69. Kd2 f4 70. Ke1 h5 71. Kf2 h4 72. Bd1+ Kg5 73. Bf3 Nf5 74. Kg2 Ne3+ 75. Kh3 Nf5 76. Be2 Nd4 77. Bf1 f3 78. Bd3 Ne6 79. Bf1 Nf4+ 80. Kh2 Kg4 81. Kg1 Kg3 82. Bc4 Ng6 83. Bd5 Ne5 84. Bc6 Ng4 85. Bb5 f2+ 86. Kh1 Ne3 87. Be2 f1=Q+ 88. Bxf1 Nxf1 89. Kg1 Ne3 90. Kh1 Ng4 91. Kg1 h3 92. Kh1 Nf2+ 93. Kg1 h2+ 94. Kf1 h1=Q+ 95. Ke2 Qd1+ 96. Ke3 Qd3# 0-1

[Event "*** SCC Grand Prix: Titled Tuesday Blitz"]
[Site "Chess.com"]
[Date "2020.08.25"]
[Round "9"]
[White "brute4ever"]
[Black "ftorodent"]
[Result "0-1"]
[WhiteElo "2501"]
[BlackElo "2677"]
[TimeControl "180+1"]
[EndTime "11:49:35 PDT"]
[Termination "ftorodent won by checkmate"]

1. e4 c5 2. Nf3 e6 3. g3 b6 4. Bg2 Bb7 5. Qe2 d6 6. O-O Nf6 7. d3 Be7 8. Nbd2 O-O 9. Re1 Nc6 10. c3 e5 11. a3 Re8 12. b4 a6 13.
h3 Bf8 14. Bb2 Qd7 15. Kh2 Rad8 16. Nc4 Qc7 17. Ne3 b5 18. Rac1 Qb6 19. Nd2 a5 20. bxc5 dxc5 21. a4 b4 22. Nd5 Nxd5 23. exd5 Nb8 24. c4 Nd7 25. Nb3 Bd6 26. Kh1 Qc7 27. Qf3 Bc8 28. Re2 Nf8 29. Qe3 Bd7 30. Ra1 f5 31. Qd2 Re7 32. Qc2 Rde8 33. Nd2 Ng6 34. Rae1 Qd8 35. Nf3 h6 36. Ba1 Qc7 37. Nd2 Rf8 38.
Bf3 Qd8 39. Bg2 Qe8 40. Nb3 Bxa4 41. Qa2 Bxb3 42. Qxb3 a4 43. Qa2 f4 44. Be4 Nh8 45. Kg2 Nf7 46. Bg6 f3+ 47. Kh2 fxe2 48. Qxe2 Qd7 49. h4 Nh8 50. Be4 Ref7 51. Rf1 a3 52.
Qc2 Rf6 53. Kg2 Qf7 54. f3 Ng6 55. f4 exf4 56. Bxf6 Qxf6 57. d4 Nxh4+ 58. gxh4 Qxh4 59. Bf3 Qg3+ 60. Kh1 cxd4 61. Qe4 b3 62. Qe6+ Kh8 63. Qxd6 Re8 64. Qd7 Re3 65. Qc8+ Kh7 66. Qf5+ Qg6 67.
Qxf4 b2 68. Rg1 b1=Q 69. Rxb1 Qxb1+ 70. Kg2 Qc2+ 71. Kg3 Qd3 72. d6 a2 73. d7 a1=Q 74.
d8=Q Qg1+ 75. Kh4 Rxf3 76. Qf5+ Qxf5 77. Qh8+ Kxh8 78. c5 Rh3# 0-1

[Event "*** SCC Grand Prix: Titled Tuesday Blitz"]
[Site "Chess.com"]
[Date "2020.08.25"]
[Round "9"]
[White "praveenb2002"]
[Black "Vsevolod_Ovchinnikov"]
[Result "0-1"]
[WhiteElo "2735"]
[BlackElo "2467"]
[TimeControl "180+1"]
[EndTime "11:49:40 PDT"]
[Termination "Vsevolod_Ovchinnikov won by checkmate"]

1. d4 Nf6 2. c4 g6 3. Nc3 d5 4. Nf3 Bg7 5. Qb3 dxc4 6. Qxc4 O-O 7. e4 a6 8. e5 b5 9. Qb3 Nfd7 10. Be3 Nb6 11. Rd1 c6 12. Ng5 h6 13. Nge4 Be6 14.
Qc2 N8d7 15. Be2 Rc8 16. O-O Nd5 17. Bc1 Qb6 18. a3 Rc7 19. b4 f5 20. Nc5 Nxc5 21. dxc5 Qb7 22. f4 Nxc3 23. Qxc3 Bd5 24. Bf3 e6 25. Bb2 Rd8 26. Be2 Rcd7 27. Rd2 Kh7 28. Rfd1 Qa7 29. Kh1 a5 30. h3 a4 31.
Kh2 Qc7 32. Qg3 Rf8 33. h4 h5 34. Rd3 Bh6 35. Qf2 Rfd8 36. Rg3 Rg8 37. Rd4 Qd8 38. Rh3 Qe7 39. Qe1 Qd8 40. Qd1 Qe7 41. Bc1 Qd8 42.
Be3 Qe7 43. Bf2 Qf7 44. Rhd3 Rgd8 45. Rg3 Rg8 46. Kg1 Rgd8 47. Rgd3 Qe7 48. Bf3 Bg7 49. Qd2 Bh6 50. Qe3 Bg7 51. Be2 Bh6 52. Rd1 Bg7 53. R1d3 Bh6 54. Qc1 Bg7 55. Qd1 Bh6 56.
Rg3 Rg8 57. Rdd3 Bxf4 58. Rh3 Bxe5 59. Bf3 Rgd8 60. Qe2 Bf6 61. Bxh5 gxh5 62. Qxh5+ Kg8 63. Rdg3+ Kf8 64. Qh6+ Bg7 65. Qh7 Qf7 66. Rg5 Bf6 67.
Qh6+ Ke7 68. Rgg3 Rh8 69. Qf4 Rh7 70. h5 Be4 71. Qb8 Rh8 72. Qb6 Be5 73. Re3 Bf6 74. h6 Bg5 75. Reg3 Bxh6 76. Be3 Bg7 77. Rxh8 Bxh8 78. Bg5+ Bf6 79. Bf4 e5 80. Be3 f4 81.
Rg4 fxe3 82. Rxe4 Qd5 83. Rxe3 Qd1+ 84. Kh2 Qh5+ 85. Kg3 Qg5+ 86. Kf3 Qf4+ 87. Ke2 Qg4+ 88. Rf3 Qxg2+ 89. Rf2 Qe4+ 90. Kf1 Rd1# 0-1

[Event "*** SCC Grand Prix: Titled Tuesday Blitz"]
[Site "Chess.com"]
[Date "2020.08.25"]
[Round "9"]
[White "ChristopherYoo"]
[Black "blitzking1729"]
[Result "1/2-1/2"]
[WhiteElo "2822"]
[BlackElo "2678"]
[TimeControl "180+1"]
[EndTime "11:49:51 PDT"]
[Termination "Game drawn by repetition"]

1. e4 d6 2. d4 Nf6 3. Nc3 c6 4.
f4 g6 5. Nf3 Bg7 6. Be2 O-O 7.
O-O b5 8. e5 dxe5 9. fxe5 Nd5 10. Nxd5 Qxd5 11. Be3 Bf5 12. Qd2 Nd7 13. b3 Nb6 14. Rac1 Rad8 15. c4 bxc4 16. bxc4 Qd7 17. Rfd1 Be6 18. Bh6 Bg4 19. Bxg7 Kxg7 20. Qe3 Bxf3 21.
Bxf3 Qe6 22. Qe2 h5 23. a4 a5 24. Qb2 Nxc4 25. Qc3 Nb6 26. Qxa5 Nd5 27. Qc5 Qf5 28.
Bxd5 Rxd5 29. Qxe7 Qg4 30. h3 Qg3 31. Qf6+ Kg8 32.
Qxc6 Rxd4 33. Rxd4 Qe3+ 34. Kh1 Qxd4 35. e6 fxe6 36. Qxe6+ Kh7 37. a5 Rf5 38. a6 Qf4 39.
Rd1 Qa4 40. Rd7+ Kh6 41. Qe3+ Qf4 42. Qxf4+ Rxf4 43. a7 Ra4 44. h4 g5 45. Rd6+ Kg7 46. Rd5 gxh4 47. Rxh5 Rxa7 48. Rxh4 Ra6 49. Kh2 Kg6 50.
Kh3 Ra3+ 51. g3 Ra1 52. Rb4 Ra6 53. Kh4 Kg7 54. Kh5 Kg8 55. g4 Ra1 56. Kg5 Ra8 57. Kf5 Rc8 58. Kf4 Ra8 59. Kg3 Rc8 60. Kh4 Ra8 61. Rf4 Rc8 62. Rf5 Ra8 63. Rg5+ Kf7 64. Rh5 Kg7 65. Rg5+ Kf7 66. Rb5 Kg7 67. Kg5 Kg8 68.
Rb6 Ra5+ 69. Kg6 Ra8 70. g5 Rc8 71. Ra6 Rb8 72. Re6 Ra8 73. Kh6 Rb8 74. Re7 Rc8 75.
Rg7+ Kh8 76. g6 Ra8 77. Re7 Kg8 78. Re6 Rb8 79. g7 Ra8 80. Kg6 Rb8 81. Ra6 Rc8 82.
Kf6 Rd8 83. Ke7 Rb8 84. Kf6 Rc8 85. Rd6 Ra8 86. Kg6 Rb8 87. Rf6 Rc8 88. Re6 Rd8 89.
Kf6 Rb8 90. Ra6 Rc8 91. Rb6 Rd8 92. Ke7 Ra8 93. Kf6 Rc8 94. Ra6 Rd8 95. Ke7 Rb8 96.
Kf6 1/2-1/2

[Event "*** SCC Grand Prix: Titled Tuesday Blitz"]
[Site "Chess.com"]
[Date "2020.08.25"]
[Round "9"]
[White "krasavetc"]
[Black "AntonovaNadezhda"]
[Result "1-0"]
[WhiteElo "2286"]
[BlackElo "2056"]
[TimeControl "180+1"]
[EndTime "11:50:11 PDT"]
[Termination "krasavetc won on time"]

1. e4 d6 2. Bc4 Nf6 3. Nc3 e5 4.
d4 Be7 5. Nf3 Nbd7 6. O-O O-O 7.
Bg5 c6 8. Bb3 b6 9. d5 Bb7 10.
dxc6 Bxc6 11. Nd5 Nxd5 12. Bxd5 Bxd5 13. Bxe7 Qxe7 14. Qxd5 Nf6 15. Qd3 Rac8 16. c4 Nh5 17.
Rad1 Rc6 18. b3 Nf4 19. Qe3 f5 20. exf5 d5 21. cxd5 Rc3 22. Qxe5 Qxe5 23. Nxe5 Rxf5 24. d6 Rxe5 25. d7 Ne6 26. d8=Q+ Nxd8 27. Rxd8+ Kf7 28. Rd2 Rec5 29. h3 h6 30. Rd7+ Kg6 31. Rxa7 Rc2 32.
Ra6 Rc6 33. f4 Kf5 34. Ra4 h5 35. Re1 Rd2 36. Re5+ Kf6 37. Rxh5 Rcc2 38. Rg5 Rc1+ 39. Kh2 Rf2 40. Rb4 Rxa2 41. Rxb6+ Kf7 42. Rb7+ Ke6 43. Rgxg7 Rcc2 44. Rbf7 Kd5 45. Rf8 Ke4 46. Rfg8 Kxf4 47. h4 Rab2 48. h5 Rxb3 49. Rf7+ Ke5 50. Re8+ Kd6 51. h6 Rbb2 52. Rg7 Rc5 53. Kh3 Rh5+ 54. Kg4 Rxh6 55. Reg8 Rxg2+ 56. Kf5 Rxg7 57. Rxg7 Rh2 58. Rg5 Rd2 59. Kg6 Rd5 60. Rg1 Kc5 61. Ra1 Kd6 62. Rc1 Ke5 63. Rh1 Kd6 64. Kf6 Kc5 65. Rc1+ Kd6 66.
Rc8 Rd4 67. Rd8+ Kc5 68. Rc8+ Kb4 69. Rc1 Rc4 70. Rb1+ Kc3 71. Ke5 Rh4 72. Rc1+ Kb2 73. Rg1 Rc4 74. Kd5 Rh4 75. Rg2+ Kb3 76. Rg3+ Kb2 77. Kc6 Kc2 78. Kc5 Kb2 79. Rd3 Kc2 80. Rd8 Rh5+ 81. Kc4 Rh4+ 82. Kd5 Rh5+ 83. Kc6 Rh6+ 84.
Kb5 Rh5+ 85. Ka4 Rh4+ 86. Ka3 Rh3+ 87. Ka2 Kc3 88. Rc8+ Kb4 89. Re8 Kc5 90. Re4 Rh2+ 91. Ka3 Rh3+ 92. Ka4 Rd3 93. Re1 Rd4+ 94. Kb3 Rh4 95. Rg1 Kd5 96. Rg5+ Ke4 97. Ra5 Rh3+ 98. Kc2 Kd4 99. Kd1 Rh2 100. Rg5 Kd3 101. Rg4 1-0

[Event "*** SCC Grand Prix: Titled Tuesday Blitz"]
[Site "Chess.com"]
[Date "2020.08.25"]
[Round "9"]
[White "Barmen_EV"]
[Black "ZarinaShafigullina"]
[Result "1/2-1/2"]
[WhiteElo "2453"]
[BlackElo "2316"]
[TimeControl "180+1"]
[EndTime "11:52:15 PDT"]
[Termination "Game drawn by repetition"]

1. d4 Nf6 2. c4 e6 3. Nc3 Bb4 4. e3 O-O 5. a3 Bxc3+ 6. bxc3 d5 7.
cxd5 exd5 8. Bd3 c6 9. Ne2 Re8 10. O-O Nbd7 11. f3 Nf8 12. Ng3 Ne6 13. Bb2 b6 14. Qd2 c5 15. Rae1 Bb7 16. Kh1 Qc7 17. e4 Nf4 18. e5 Nxd3 19. Qxd3 Nd7 20. Nf5 Nb8 21. Nd6 Re6 22. Qf5 Ba6 23. Rg1 Nc6 24. f4 Rf8 25. Qh5 f5 26. Nxf5 Qf7 27. Qxf7+ Rxf7 28. Ne3 Rxf4 29. Nxd5 Rf2 30. Bc1 cxd4 31. cxd4 Bb7 32. Be3 Ra2 33. Nc3 Rxa3 34. d5 Rxe5 35.
dxc6 Bxc6 36. Bd4 Rxe1 37. Rxe1 b5 38. Kg1 b4 39. Nb1 Ra2 40. g3 Rg2+ 41. Kf1 Rxh2 42.
Re7 Rh1+ 43. Bg1 b3 44. Rxa7 Be4 45. Nd2 b2 46. Rd7 b1=Q+ 47. Nxb1 Bxb1 48. Kg2 Be4+ 49. Kf2 Rh6 50. g4 Rf6+ 51. Ke3 Bg6 52. Bh2 Re6+ 53. Kf3 h6 54. Bd6 Kh7 55. Kf4 Rf6+ 56. Kg3 Rf7 57.
Rd8 Rb7 58. Be5 Bf7 59. Rf8 Bg6 60. Rd8 Rf7 61. Rd4 Rb7 62. Bf4 Rf7 63. Rd6 Rb7 64. Be5 Rf7 65. Bd4 Re7 66. Rd8 Rc7 67. Be5 Re7 68. Kf4 Rf7+ 69. Ke3 Re7 70. Kd4 Rb7 71. Rc8 Rd7+ 72. Ke3 Rd3+ 73. Kf4 Rd7 74. Bc3 Rf7+ 75. Ke5 Re7+ 76. Kd6 Rf7 77. Be5 Rb7 78. Ke6 Rf7 79. Rc6 Rb7 80. Ra6 Rf7 81. Kd5 Rd7+ 82. Ke6 Rf7 83. Kd6 Rb7 84. Kc5 Re7 85. Kd4 Rd7+ 86. Bd6 Rf7 87. Ke5 Rb7 88. Ra1 Rf7 89. Rh1 Rb7 90. Ke6 Rf7 91. Ke5 Rb7 92. Rh2 Ra7 93. g5 Ra5+ 94. Ke6 Rxg5 95. Be5 Rf5 96. Rg2 Rf7 97. Rg3 Rb7 98. Kd6 Rb6+ 99. Kc5 Re6 100.
Kd4 Re7 101. Kd5 Rd7+ 102. Ke6 Rb7 103. Rc3 Rb6+ 104. Bd6 Rb7 105. Bc7 Rb5 106. Ke7 Rf5 107. Bd6 Rf7+ 108. Ke6 Rb7 109. Rc8 Rf7 110. Bc7 Rf5 111. Rd8 Rf7 112. Be5 Rb7 113. Rd2 Rf7 114. Bd6 Rb7 115. Rh2 Rf7 116. Be5 Ra7 117. Rh4 Rb7 118. Bd6 Rf7 119. Rd4 Rb7 120. Rd2 Rf7 121. Rd4 Rb7 122. Be5 Rf7 123. Kd6 Rb7 124. Rf4 Rb6+ 125. Ke7 Rb7+ 126. Kd6 Rf7 127. Rh4 h5 128. Bf4 Rf5 129. Ke6 Rf7 130. Bg5 Rf5 131. Bf4 Rf6+ 132. Ke5 Rf5+ 133. Kd4 Rf6 134. Ke3 Rf5 135. Kf3 Rf6 136. Kg3 Re6 137. Rh2 Rc6 138. Rf2 Rc3+ 139. Kh4 Rc4 140. Kg5 Rc5+ 141. Kh4 Rc4 142. Kg3 Rc3+ 143. Kh4 Rc4 1/2-1/2

[Event "*** SCC Grand Prix: Titled Tuesday Blitz"]
[Site "Chess.com"]
[Date "2020.08.25"]
[Round "10"]
[White "mattcolins2025"]
[Black "PavelShkapenko"]
[Result "0-1"]
[WhiteElo "2469"]
[BlackElo "2618"]
[TimeControl "180+1"]
[EndTime "11:54:14 PDT"]
[Termination "PavelShkapenko won by checkmate"]

1. d4 Nf6 2. c4 e6 3. Nc3 Bb4 4. Qc2 c5 5. dxc5 Bxc5 6. Nf3 Qb6 7. e3 Qc7 8. Bd3 b6 9. O-O Bb7 10. e4 Nc6 11. a3 Ng4 12. h3 Nd4 13. hxg4 Nxc2 14. Bxc2 a6 15. g3 Qxg3+ 16. Kh1 Qxf3+ 17. Kh2 Bd6+ 18. Kg1 Qxg4+ 19. Kh1 Qh3+ 20. Kg1 Qh2# 0-1